Map: Ulrena

Players

LiquidBunny (Bunny)

  • Race: Terran Terran
  • League: Grandmaster

Nerchio - Winner!

  • Race: Zerg Zerg
  • League: Grandmaster

Event: DreamHack ROCCAT LotV Championship

VOD

Have the link to the VOD?

Description

Time

  • Played on: Nov. 26, 2015, 2:42 p.m.
  • Length: 11:40

All games in this series

Show
View Real Time Build Order
Export as new Build Order

LiquidBunny Terran 

Build Orders: Reaper Expand, Bio Tank 

Get SALT Encoding   

  12  0:00  SCV  
  13  0:12  SCV  
  14  0:17  Supply Depot  
  14  0:25  SCV  
  15  0:39  SCV  
  15  0:40  Barracks  
  16  0:44  Refinery  
  16  0:51  SCV  
  17  1:03  SCV  
  18  1:15  SCV  
  19  1:26  Reaper  
  19  1:27  Orbital Command  
  20  1:41  Command Center  
  20  1:48  Refinery  
  20  1:53  SCV  
  21  1:57  Supply Depot  
  21  2:07  Factory  
  21  2:10  SCV  
  22  2:16  Barracks Reactor  
  22  2:22  SCV  
  23  2:34  SCV  
  23  2:46  SCV  
  24  2:52  Factory Tech Lab  
  24  2:58  SCV  
  24  3:02  Marine x2  
  24  3:05  Starport, Bunker  
  26  3:10  SCV  
  26  3:11  Siege Tank  
  30  3:18  Orbital Command  
  30  3:22  SCV  
  31  3:28  Marine x2  
  33  3:34  SCV  
  34  3:43  Supply Depot, Siege Tank  
  37  3:50  Marine x2  
  37  3:54  Medivac  
  41  3:59  SCV  
  41  4:00  SCV  
  43  4:08  Marine x2  
  45  4:11  SCV  
  45  4:12  SCV  
  47  4:19  Siege Tank  
  47  4:23  SCV  
  51  4:24  SCV  
  51  4:26  Supply Depot  
  51  4:27  Medivac  
  54  4:47  Marine x2  
  54  4:48  SCV x2  
  54  4:52  Refinery  
  58  4:53  Barracks  
  58  4:54  Barracks  
  58  4:56  Supply Depot  
  58  5:00  SCV x2  
  60  5:10  Supply Depot  
  60  5:12  SCV x2  
  62  5:18  Siege Tank  
  65  5:24  SCV x2  
  65  5:25  Marine x2  
  69  5:29  Starport Reactor  
  69  5:35  Engineering Bay  
  69  5:36  SCV x2  
  69  5:38  Refinery  
  71  5:43  Marine  
  71  5:48  SCV x2  
  71  5:50  Siege Tank  
  71  5:55  Marine  
  75  6:00  SCV  
  77  6:04  SCV  
  77  6:09  Barracks Tech Lab x2  
  77  6:11  Supply Depot  
  77  6:12  Terran Infantry Weapons Level 1, Marine  
  77  6:13  Barracks  
  77  6:14  Barracks  
  78  6:19  Marine  
  78  6:21  SCV, Barracks  
  80  6:25  Barracks  
  80  6:28  Medivac  
  80  6:31  Combat Shields, Medivac  
  80  6:32  Stimpack, Marine  
  85  6:40  Siege Tank  
  85  6:41  Marine  
  85  6:46  Marine  
  89  6:55  Supply Depot, Marine x2  
  89  7:00  Medivac  
  93  7:04  Marine  
  94  7:11  Supply Depot  
  94  7:17  Marauder, Medivac, Marine x3  
  94  7:21  Marine  
  102  7:29  Supply Depot  
  102  7:30  Marine  
  102  7:31  Siege Tank, Marine x2  
  102  7:32  SCV  
  102  7:36  Marine x2  
  111  7:39  Marine x2  
  113  7:45  Supply Depot, Marine  
  113  7:50  Marine x2  
  113  7:52  Marine  
  113  7:54  Marine  
  113  7:55  Marine  
  114  8:01  Marine x2  
  115  8:07  Marine  
  115  8:08  Marine  
  117  8:13  Marine  
  117  8:14  Marine  
  117  8:15  Marine  
  117  8:18  Marine  
  121  8:21  Marine  
  121  8:26  Marine x2  
  124  8:29  Marine  
  124  8:32  Marine  
  117  8:39  Marine  
  115  8:55  Marine  
  94  8:56  Marine  
  94  8:57  Marine  
  94  8:58  Siege Tank, Marine x2  
  81  9:03  Marine x3  
  83  9:13  Marine  
  83  9:14  Marine x2  
  83  9:16  Marine x2  
  88  9:18  Terran Infantry Armor Level 1  
  88  9:21  Marine  
  88  9:22  Marauder x2  
  93  9:24  Command Center  
  93  9:31  Marine  
  94  9:32  Marine x2  
  94  9:34  Marine x2  
  98  9:39  Marine  
  98  9:42  Marine x2  
  93  9:48  Marine  
  93  9:50  Siege Tank, Marine x2  
  97  9:54  Marine x2  
  97  9:58  Marine  
  100  10:00  Marine  
  100  10:01  Marauder  
  100  10:03  Medivac  
  100  10:06  Marine  
  106  10:10  Marine  
  106  10:11  Marine  
  108  10:16  Marine  
  108  10:18  Marine  
  108  10:19  Marine, Marauder  
  113  10:22  Marine  
  113  10:26  Marine  
  107  10:28  Marine x2  
  107  10:34  Marine  
  108  10:36  Marine  
  108  10:37  Marine  
  108  10:39  Marine x2  
  103  10:44  Marine  
  103  10:46  Marine x2  
  87  10:52  Marine  
  87  10:53  Marine  
  87  10:54  Marine  
  82  10:57  Marine x2  
  82  11:02  Marine  
  82  11:04  Siege Tank, Marine x2  
  86  11:09  Marine  
  88  11:11  Marine  
  88  11:12  Marine  
  88  11:15  Marine x2  
  90  11:19  Marine  
  90  11:22  Marine x2  
Show
View Real Time Build Order
Export as new Build Order

Nerchio Zerg - Winner!

Build Orders: Hatch First 

Get SALT Encoding   

  12  0:00  Drone  
  13  0:12  Overlord  
  13  0:17  Drone  
  14  0:30  Drone x2  
  14  0:34  Drone  
  17  0:52  Hatchery  
  17  0:55  Drone  
  17  0:59  Drone  
  18  1:14  Spawning Pool  
  18  1:17  Drone  
  18  1:19  Drone  
  18  1:23  Extractor  
  18  1:28  Drone  
  19  1:38  Overlord  
  19  2:00  Queen, Zergling x4  
  23  2:04  Zergling x2, Queen  
  26  2:11  Drone  
  26  2:15  Drone  
  28  2:22  Overlord  
  27  2:30  Roach Warren  
  27  2:36  Drone  
  27  2:37  Drone, Extractor  
  27  2:41  Drone  
  27  2:44  Overlord  
  27  3:10  Roach  
  27  3:11  Roach x5  
  39  3:17  Roach  
  41  3:20  Roach  
  41  3:22  Drone  
  41  3:25  Drone  
  45  3:28  Drone  
  45  3:30  Drone  
  47  3:35  Drone  
  47  3:36  Drone  
  49  3:42  Ravager  
  49  3:43  Drone  
  49  3:46  Overlord  
  49  3:48  Drone  
  52  3:52  Overlord  
  52  4:05  Drone, Ravager  
  52  4:06  Drone x5  
  52  4:09  Extractor  
  58  4:11  Overlord  
  58  4:15  Drone x3  
  61  4:18  Drone  
  62  4:30  Hatchery  
  61  4:34  Ravager  
  61  4:36  Drone  
  61  4:37  Drone x3  
  66  4:40  Drone  
  67  4:46  Drone  
  67  4:47  Drone  
  67  4:48  Queen  
  67  4:51  Overlord  
  71  4:55  Extractor  
  71  4:57  Overlord  
  71  4:59  Overlord  
  70  5:05  Drone  
  70  5:06  Drone x2  
  70  5:07  Extractor  
  72  5:10  Queen  
  74  5:24  Roach x4, Queen  
  84  5:33  Evolution Chamber, Roach  
  84  5:35  Roach  
  84  5:48  Drone x2  
  86  5:51  Lair  
  86  5:54  Evolution Chamber  
  85  6:04  Zerg Missile Weapons Level 1  
  85  6:08  Drone  
  85  6:09  Hatchery, Drone x5  
  88  6:12  Ravager x2  
  88  6:13  Drone  
  88  6:18  Overlord  
  88  6:30  Drone x4, Zerg Ground Armor Level 1  
  92  6:34  Overlord  
  92  6:39  Extractor x2  
  90  6:41  Zergling x2  
  90  6:42  Zergling x4  
  90  6:45  Zergling x4  
  95  6:49  Glial Reconstitution  
  95  6:53  Infestation Pit, Zergling x2  
  93  6:58  Drone  
  94  7:04  Drone  
  95  7:09  Metabolic Boost, Drone  
  92  7:23  Drone x5  
  89  7:32  Zergling x4  
  90  7:37  Roach x2  
  90  7:40  Pathogen Glands  
  90  7:41  Hive, Infestor x2  
  94  7:52  Drone  
  94  7:53  Queen  
  94  7:54  Roach x3  
  94  7:55  Roach x2  
  107  7:58  Zergling x2  
  107  7:59  Zergling x4  
  106  8:06  Ravager x7  
  106  8:07  Roach  
  106  8:08  Roach, Queen  
  106  8:11  Overlord, Roach  
  121  8:14  Overlord  
  121  8:17  Overlord  
  121  8:22  Overlord  
  121  8:24  Overlord  
  121  8:29  Queen  
  121  8:31  Overlord, Zergling x2  
  121  8:32  Zergling x2  
  125  8:45  Zergling x18  
  128  8:49  Zergling x2  
  96  8:56  Zergling x4  
  96  8:58  Zergling x2  
  96  9:01  Zerg Ground Armor Level 2  
  96  9:02  Zerg Melee Weapons Level 1  
  93  9:05  Ravager x3  
  93  9:07  Roach x2  
  93  9:08  Overseer  
  102  9:10  Roach  
  102  9:16  Infestor, Ultralisk Cavern  
  103  9:24  Drone  
  103  9:25  Drone x4  
  106  9:38  Hatchery  
  106  9:40  Zergling x8  
  106  9:41  Zergling x2  
  109  9:46  Infestor  
  109  9:49  Drone x2  
  112  9:55  Queen  
  114  10:00  Infestor  
  114  10:02  Drone x2  
  118  10:07  Adrenal Glands  
  118  10:10  Drone  
  118  10:11  Drone x4  
  118  10:12  Drone  
  124  10:15  Chitinous Plating  
  124  10:24  Zergling x12  
  124  10:27  Zergling x4  
  117  10:29  Zergling x2  
  117  10:32  Extractor  
  117  10:33  Zergling x4  
  117  10:34  Zergling x2  
  115  10:38  Zergling x4  
  115  10:40  Zergling x2  
  103  10:43  Zergling x2  
  103  10:48  Ultralisk  
  99  10:50  Zergling x4  
  99  10:51  Zergling x4  
  99  10:52  Zergling x2  
  99  10:56  Zergling x2  
  99  10:57  Zergling x2  
  101  11:18  Zergling x4  

Tags
 
Add a new tag
Caveats
  • Supply blocks, unpowered buildings, or Contaminate may cause inaccurate times.
  • Supply counts are checked every 10 seconds.